 Dungeon Crawl Stone Soup version 0.28-b1-1-g3c77fb2ed1 (webtiles) character file.

Game seed: 17069324896972391350

60 cbfl8 the Sneak (level 3, -2/33 HPs)
             Began as a Minotaur Delver on Jan 28, 2022.
             Slain by an iguana (5 damage)
             ... on level 5 of the Dungeon.
             The game lasted 00:01:01 (208 turns).

cbfl8 the Sneak (Minotaur Delver)                    Turns: 208, Time: 00:01:02

Health: -2/33      AC:  9    Str: 18    XL:     3   Next: 82%
Magic:  2/2        EV: 11    Int:  7    God:
Gold:   13         SH:  0    Dex: 11    Spells: 2/2 levels left

rFire   . . .      SeeInvis .   a - +0 hand axe
rCold   . . .      Faith    .   (no shield)
rNeg    . . .      Spirit   .   h - +4 ring mail
rPois   .          Reflect  .   (helmet restricted)
rElec   .          Harm     .   (no cloak)
rCorr   .          Rampage  .   (no gloves)
Will    .....                   (no boots)
Stlth   ++........              (no amulet)
HPRegen 0.11/turn               (no ring)
MPRegen 0.08/turn               (no ring)

@: hasted, very quick
A: horns 2, retaliatory headbutt
a: no special abilities


You were on level 5 of the Dungeon.
You visited 1 branch of the dungeon, and saw 2 of its levels.

You collected 13 gold pieces.

Inventory:

Hand Weapons
 a - a +0 hand axe (weapon)
 i - a +0 hunting sling
Armour
 b - a +0 leather armour
 h - a +4 ring mail (worn)
Wands
 g - a wand of digging (3)
Scrolls
 c - a scroll of fog
 d - a scroll of magic mapping
 e - a scroll of fear


   Skills:
 + Level 4.1 Fighting
 + Level 2.7 Axes
 + Level 0.1 Armour
 + Level 2.4 Dodging
 + Level 5.0 Stealth


You had 2 spell levels left.
You didn't know any spells.
Your spell library was empty.

Dungeon Overview and Level Annotations

Branches:
Dungeon (6/15)
 Temple: D:4-7

Altars:


Innate Abilities, Weirdness & Mutations

You have a pair of horns on your head.
You reflexively headbutt those who attack you in melee.


Message History

You hit the iguana but do no damage.
The iguana is severely wounded.
You hit the iguana but do no damage. The iguana barely misses you.
The iguana bites you!
* * * LOW HITPOINT WARNING * * *
You hit the iguana.
The iguana is almost dead.
You hit the iguana but do no damage. The iguana bites you.
* * * LOW HITPOINT WARNING * * *
You hit the iguana.
You kill the iguana!
You hit the iguana but do no damage.
The iguana bites you but does no damage.
Your Fighting skill increases to level 4!
Your Stealth skill increases to level 5!
You hit the iguana.
The iguana is lightly wounded.
You closely miss the iguana.
The iguana is lightly wounded.
The iguana barely misses you.
You hit the iguana.
The iguana is heavily wounded.
The iguana bites you but does no damage.
You hit the iguana but do no damage.
The iguana is heavily wounded.
The iguana bites you.
* * * LOW HITPOINT WARNING * * *
You hit the iguana. Your headbutt misses the iguana.
The iguana is heavily wounded.
You hit the iguana.
The iguana is almost dead.
The iguana bites you.
* * * LOW HITPOINT WARNING * * *
You barely miss the iguana.
The iguana is almost dead.
The iguana closely misses you.
You hit the iguana but do no damage.
The iguana is almost dead.
The iguana bites you.
You die...

#.##.##... #.!.......#
#.#.# #.......#.# ....
### #........# ...# ...
#..###.#.#### ...#
#.##..##.......# ...#
#........#.##.####...####
##...#..##.##............
##..#..##..l@(..........
#.#.......##............
#!####†.#####.####...####
#..............# .[.#
#......##.####### .....
#.####. #.# .....# #. (
.># .....# . .# ####
.....# #. .....#


You could see an iguana.

Vanquished Creatures
  A scorpion zombie (D:5)
  An iguana (D:5)
  An adder (D:5)
3 creatures vanquished.

Notes
Turn   | Place    | Note
-------+----------+-------------------------------------------
     0 | D:5      | cbfl8 the Minotaur Delver began the quest for the Orb.
     0 | D:5      | Reached XP level 1. HP: 19/19 MP: 0/0
    39 | D:5      | Reached XP level 2. HP: 20/27 MP: 1/1
   135 | D:5      | Reached XP level 3. HP: 19/33 MP: 2/2
   191 | D:6      | Noticed a bullfrog
   201 | D:5      | Reached skill level 5 in Stealth
   208 | D:5      | Slain by an iguana

Illustrated notes

Levels and vault maps discovered:
D:5:      minmay_chambers_of_threes, layout_loops_cross,
          chequers_serial_rivers_marsh, solitary_fountain, uniq_eustachio
D:6:      minmay_razor_zed, layout_cave_pods, bloody_trog, uniq_pikel

Skill      XL: |  1  2  3 |
---------------+----------+-----
Fighting       | 4 |  4.1
Stealth        | 5 |  5.0
Axes           | |  2.7
Armour         | |  0.1
Dodging        | |  2.4

Action                   || total
-------------------------++-------
Melee: Hand axe          ||    29
       Headbutt          ||     3
       Punch             ||     1
  Use: Potion            ||     1
Armor: Ring mail         ||     8
Dodge: Dodged            ||    14
